 Dungeon Crawl Stone Soup version 0.30-a0-377-g5cb311bc9f (webtiles) character file.

Game seed: 3008686145841061413

115 Haldmier the Slasher (level 5, -9/61 HPs)
             Began as a Djinni Cinder Acolyte on Nov 27, 2022.
             Was a High Priest of Ignis.
             Mangled by Crazy Yiuf
             ... wielding a +3 quarterstaff of chaos
              (15 damage)
             ... on level 2 of the Dungeon.
             The game lasted 00:08:45 (1808 turns).

Haldmier the Slasher (Djinni Cinder Acolyte)        Turns: 1808, Time: 00:08:45

Health: -9/61      AC:  3    Str: 13    XL:     5   Next: 20%
Gold:   102        EV: 11    Int: 15    God:    Ignis [*****.] SH:  0 Dex: 11

rFire   + + +      SeeInvis .    e - +2 dagger (venom)
rCold   x . .      Faith    .    (no shield)
rNeg    . . .      Spirit   .    b - +0 robe
rPois   ∞          Reflect  .    i - +1 hat
rElec   .          Harm     .    (no cloak)
rCorr   .          Rampage  .    (no gloves)
Will    .....                    (boots unavailable)
Stlth   ..........               (no amulet)
HPRegen 0.30/turn                (no ring)
MPRegen 0.00/turn                (no ring)

@: berserking, flying, very quick
A: sickness immunity, fire resistance 2, cold vulnerability 1, float, innate
caster, HP casting, extra vitality 1
a: Renounce Religion, Fiery Armour, Foxfire Swarm, Rising Flame


You were on level 2 of the Dungeon.
You worshipped Ignis.
Ignis was extremely pleased with you.
You visited 1 branch of the dungeon, and saw 2 of its levels.

You collected 102 gold pieces.

Inventory:

Hand Weapons
 a - a -1 falchion of flaming
 e - a +2 dagger of venom (weapon)
Armour
 b - a +0 robe (worn)
 f - a +0 leather armour
 i - a +1 hat (worn)
 p - a +0 ring mail
Scrolls
 c - a scroll of vulnerability {unknown}
 d - a scroll of identify {unknown}
 g - a scroll of immolation {unknown}
 n - a scroll of teleportation {unknown}
Potions
 h - a potion of might {unknown}
 j - a potion of heal wounds {unknown}
 k - 2 potions of berserk rage
 l - a potion of invisibility {unknown}
 m - a potion of curing {unknown}
 o - a potion of haste {unknown}


   Skills:
 + Level 3.9 Fighting
 * Level 4.3 Long Blades
 + Level 2.5 Spellcasting


You had 4 spell levels left.
You knew the following spells:

 Your Spells              Type           Power      Damage    Failure   Level
a - Scorch                Fire           18%        2d6       12%         2
b - Sting                 Tmut/Pois      36%        1d4       8%          1
c - Passwall              Tmut/Erth      7%         N/A       12%         2
Your spell library was empty.

Dungeon Overview and Level Annotations

Branches:
Dungeon (2/15)

Altars:

Annotations:
D:2 Crazy Yiuf


Innate Abilities, Weirdness & Mutations

You are immune to sickness and miasma.
You are immune to poison.
Your flesh is very heat resistant. (rF++)
You are vulnerable to cold. (rC-)
You float through the air rather than walking.
You learn spells naturally, not from books.
Your magical power is your life essence.
You have superior vitality. (+4 MHP)


Message History

You kill the gnoll!
You start resting.
HP restored.
Okay, then.
You see here a +0 halberd.
Things that are here:
a +0 spear; a gnoll corpse You see here a +0 flail.
You see here a hobgoblin corpse.
You see here a +0 spear.
Found a stone staircase leading down.
Found an escape hatch in the ceiling.
There is an escape hatch in the ceiling here.
You now have 102 gold pieces (gained 6).
Found a sling.
You see here a +0 sling.
You see here a +0 sling.
Found a runed translucent door.
Crazy Yiuf shouts!
You reach down and open the door.
Casting: Scorch (safe; 12% risk of failure)
Confirm with . or Enter, or press ? or * to list all spells.
Flames lash Crazy Yiuf.
Crazy Yiuf is moderately wounded.
Crazy Yiuf's fire resistance burns away.
Crazy Yiuf sings, "Trees, trees, trees, circus!"
Crazy Yiuf hits you with a +3 quarterstaff of chaos!
You are electrocuted!
* * * LOW HITPOINT WARNING * * *
You barely miss Crazy Yiuf.
Crazy Yiuf is moderately wounded.
Crazy Yiuf hits you with a +3 quarterstaff of chaos.
* * * LOW HITPOINT WARNING * * *
Crazy Yiuf freezes you.
* * * LOW HITPOINT WARNING * * *
It was a potion of berserk rage.
A red film seems to cover your vision as you go berserk!
You feel yourself moving faster!
You feel mighty!
Crazy Yiuf hits you with a +3 quarterstaff of chaos!
You die...

......# #......#
#.##### #.####.#
#... #.# #.#
.###.# ### #.# .#
# #.## .
♣♣♣♣♣##).# . ###
♣♣♣.♣..#.#.#
#...#♣..♣.......#
.#
#...g@♣♣♣♣......#
.# #)..#♣♣
♣♣.#..## .# ###
♣♣####


You could see Crazy Yiuf (combustible).

Vanquished Creatures
  4 gnolls (D:2)
  3 adders (D:2)
  A worm (D:2)
  2 dart slugs
  2 endoplasms (D:1)
  6 goblins
  6 hobgoblins
  4 jackals (D:2)
  2 quokkas (D:1)
  4 ball pythons
  4 bats
  3 frilled lizards
  A kobold (D:1)
  4 rats (D:2)
46 creatures vanquished.

Vanquished Creatures (others)
  15 foxfires (D:1)
15 creatures vanquished.

Grand Total: 61 creatures vanquished

Notes
Turn   | Place    | Note
-------+----------+-------------------------------------------
     0 | D:1      | Haldmier the Djinni Cinder Acolyte began the quest for the
                  | Orb.
     0 | D:1      | Haldmier set off with the following spells memorised:
                  | Scorch.
     0 | D:1      | Reached XP level 1. HP: 20/20 MP: 0/0
   190 | D:1      | Reached XP level 2. HP: 25/25 MP: 0/0
   333 | D:1      | Reached skill level 3 in Long Blades
   820 | D:1      | Reached XP level 3. HP: 27/30 MP: 0/0
   820 | D:1      | Learned a level 1 spell: Sting
  1233 | D:2      | Reached XP level 4. HP: 28/35 MP: 0/0
  1456 | D:2      | Reached skill level 4 in Long Blades
  1586 | D:2      | Reached XP level 5. HP: 17/41 MP: 0/0
  1586 | D:2      | Learned a level 2 spell: Passwall
  1801 | D:2      | Found a runed translucent door.
  1802 | D:2      | Noticed Crazy Yiuf
  1808 | D:2      | Mangled by Crazy Yiuf

Illustrated notes

Levels and vault maps discovered:
D:1:      wander_arrival_lonely_grave, layout_basic
D:2:      layout_loops_cross, uniq_crazy_yiuf_cottage

Skill      XL: |  1  2  3  4 |
---------------+-------------+-----
Long Blades    | 3 4 |  4.3
Fighting       | |  3.9
Spellcasting   | |  2.5

Action                   |  1- 3 |  4- 6 || total
-------------------------+-------+-------++-------
Melee: Falchion          |    14 |       ||    14
       Dagger            |    64 |    52 ||   116
       Punch             |       |     1 ||     1
 Cast: Scorch            |     4 |     6 ||    10
Invok: Foxfire Swarm     |     1 |       ||     1
  Use: Potion            |       |     1 ||     1
 Stab: Sleeping          |     1 |     1 ||     2
Armor: Robe              |    17 |    13 ||    30
Dodge: Dodged            |    42 |    22 ||    64

Table legend: (Time is in decaauts)
 A = Elapsed time spent in this place.
 B = Non-inter-level travel time spent in this place.
 C = Inter-level travel time spent in this place.
 D = Time resting spent in this place.
 E = Time spent auto-exploring this place.
 F = Levels seen in this place.
 G = Mean time per level.
                   A        B        C        D        E       F      G
               +--------+--------+--------+--------+--------+-----+--------+
         Total |   1799 |   1743 |     56 |    339 |    906 |   2 |  899.5 |
       Dungeon |   1799 |   1743 |     56 |    339 |    906 |   2 |  899.5 |
               +--------+--------+--------+--------+--------+-----+--------+

Top non-repeatable levels by time:
     D:1: 1118 daAuts
     D:2: 680 daAuts
